 Dungeon Sprint DCSS version 0.14-a0-3134-g2c86dbf (webtiles) character file.

94 BluebellGnoll the Thaumaturge (level 3, -6/16 HPs)
             Began as a Spriggan Fire Elementalist on Mar 8, 2014.
             Killed from afar by an oklob sapling priest (13 damage)
             ... with a splash of acid
             ... in the Dungeon (Sprint IV: "Fedhas' Mad Dash").
             The game lasted 00:02:56 (263 turns).

BluebellGnoll the Thaumaturge (SpFE)                 Turns: 263, Time: 00:02:56

HP  -6/16        AC  1     Str  4      XL: 3   Next: 82%
MP  17/19        EV 18     Int 17      God:
Gold 34          SH  0     Dex 16      Spells:  4 memorised, 11 levels left

rFire  . . .     SeeInvis +     (no weapon)
rCold  . . .     Clarity  .     a - -1 robe
rNeg   . . .     Conserve .     (shield restricted)
rPois  .         rCorr    .     (helmet restricted)
rElec  .         rRot     .     (no cloak)
SustAb . .       Spirit   .     (gloves unavailable)
rMut   .         Warding  .     (boots unavailable)
Saprov . . .     NoTele   +     (no amulet)
MR     .....                    (no ring)
                                h - ring of invisibility

@: invisible, very slightly contaminated, very quick, not resistant to hostile
enchantments, stealthy
A: unfitting armour, see invisible, herbivore 3, speed 3, slow metabolism 2
a: Turn Visible


You were in the Dungeon.
You were not hungry.

You visited 1 branch You collected 34 gold pieces.

Inventory:

Armour
 a - a -1 robe (worn)
Scrolls
 i - 2 scrolls of blinking
Jewellery
 h - a ring of invisibility (left hand)
Potions
 c - a potion of porridge
 d - a potion of curing
 e - a potion of heal wounds
 f - a potion of speed
 g - 2 potions of magic
Books
 b - a book of Flames

   Spells                             Type                      Level
   *Flame Tongue                      Conjuration/Fire             1
   *Throw Flame                       Conjuration/Fire             2
   *Conjure Flame                     Conjuration/Fire             3
   *Inner Flame                       Hexes/Fire                   3
   Sticky Flame                       Conjuration/Fire             4
   Fireball                           Conjuration/Fire             5


   Skills:
 * Level 3.0 Dodging
 * Level 3.0 Stealth
 - Level 9.0 Spellcasting
 * Level 1.7 Conjurations
 - Level 2.4 Fire Magic


You had 11 spell levels left.
You knew the following spells:

 Your Spells              Type           Power        Failure   Level  Hunger
a - Flame Tongue          Conj/Fire      ##...        4%          1    None
b - Throw Flame           Conj/Fire      ##....       10%         2    None
c - Conjure Flame         Conj/Fire      ##......     14%         3    #......
d - Inner Flame           Hex/Fire       ##......     21%         3    #......


Dungeon Overview and Level Annotations

Branches:
Dungeon (1/1)

Altars:
Cheibriados
Elyvilon
Kikubaaqudgha
Sif Muna
Trog
Vehumet
Zin
Jiyva
Lugonu

Annotations:
D exclusion: oklob sapling


Innate Abilities, Weirdness & Mutations

You are tiny and cannot use many weapons and most armour.
You have supernaturally acute eyesight.
You are a herbivore.
You cover ground extremely quickly.
You need consume almost no food.


Message History

Confirm with . or Enter, or press ? or * to list all spells.
Okay, then.
You start resting.
Magic restored.
You open the door.
Marking area around the oklob sapling priest as unsafe for travelling.
An oklob sapling priest comes into view.
Found nine altars.
You close the door.
Use which ability? (? or * to list)
You fail to use your ability.
Use which ability? (? or * to list)
You fade into invisibility!
You are very lightly contaminated with residual magic.
You feel somewhat more hungry.
You open the door.
The oklob sapling priest spits acid at you.
The splash of acid hits you!
The acid corrodes your +0 robe!
The acid burns!
Ouch! That really hurt!
You die...

################## #####
#<..f#.....#.....#.⌠.....
#ff..'%....'.#([@'._._._.
#ffff#.....#.#...#.._._P_
###############+## _._._
.... ###


You could see an oklob sapling priest.

Vanquished Creatures
  An oklob sapling (D)
  A worker ant (D)
  A green rat (D)
  A rat (D)
4 creatures vanquished.

Notes
Turn   | Place    | Note
--------------------------------------------------------------
     0 | D        | BluebellGnoll, the Spriggan Fire Elementalist, began the quest for the Orb.
     0 | D        | Reached XP level 1. HP: 9/9 MP: 4/4
    15 | D        | Reached skill level 5 in Spellcasting
    15 | D        | Reached XP level 2. HP: 10/13 MP: 4/11
   156 | D        | Learned a level 2 spell: Throw Flame
   157 | D        | Noticed an oklob sapling
   159 | D        | Killed an oklob sapling
   159 | D        | Reached skill level 8 in Spellcasting
   159 | D        | Reached XP level 3. HP: 16/16 MP: 10/18
   164 | D        | Learned a level 3 spell: Conjure Flame
   168 | D        | Learned a level 3 spell: Inner Flame
   170 | D        | Noticed a worker ant
   176 | D        | Killed a worker ant
   176 | D        | Reached skill level 9 in Spellcasting
   176 | D        | Reached skill level 1 in Conjurations
   259 | D        | Found a snail-covered altar of Cheibriados.
   259 | D        | Found a glowing silver altar of Zin.
   259 | D        | Found a white marble altar of Elyvilon.
   259 | D        | Found a viscous altar of Jiyva.
   259 | D        | Found a radiant altar of Vehumet.
   259 | D        | Found a deep blue altar of Sif Muna.
   259 | D        | Found an ancient bone altar of Kikubaaqudgha.
   259 | D        | Found a bloodstained altar of Trog.
   259 | D        | Found a corrupted altar of Lugonu.
   259 | D        | Noticed an oklob sapling priest
   263 | D        | Killed from afar by an oklob sapling priest

Action                   || total
-------------------------++-------
Melee: Unarmed           ||     9
 Cast: Flame Tongue      ||     8
 Abil: Evoke Invisibilit ||     1
  Use: Potion            ||     1
